 Dungeon Crawl Stone Soup version 0.18-a0-824-g47fe746 (webtiles) character file.

11 Raultor the Skirmisher (level 2, 22/24 HPs)
             Began as a Demonspawn Fighter on Dec 17, 2015.
             Quit the game on level 1 of the Dungeon.
             The game lasted 00:00:52 (353 turns).

Raultor the Skirmisher (Demonspawn Fighter)          Turns: 353, Time: 00:00:52

Health: 22/24      AC:  6    Str: 16    XL:     2   Next: 17%
Magic:  2/2        EV:  6    Int:  9    God:
Gold:   0          SH:  8    Dex: 12    Spells: 0 memorised, 1 level left

rFire  . . .     SeeInvis .     a - +0 long sword
rCold  . . .     Gourm    .     b - +0 scale mail
rNeg   . . .     Faith    .     c - +0 shield
rPois  .         Spirit   .     (no helmet)
rElec  .         Dismiss  .     (no cloak)
rCorr  .         Reflect  .     (no gloves)
SustAt .         Harm     .     (no boots)
MR     .....                    (no amulet)
Stlth  ..........               (no ring)
                                (no ring)

@: not resistant to hostile enchantments, extremely unstealthy
A: powered by pain 1
a: no special abilities


You were on level 1 of the Dungeon.
You were not hungry.

You visited 1 branch of the dungeon, and saw 1 of its levels.

Inventory:

Hand Weapons
 a - a +0 long sword (weapon)
Armour
 b - a +0 scale mail (worn)
 c - a +0 shield (worn)
Scrolls
 e - 2 scrolls of teleportation {unknown}
 g - 3 scrolls of remove curse {unknown}
 h - a scroll of fear {unknown}
 i - a scroll of identify {unknown}
Potions
 d - a potion of might
 k - a potion of lignification {unknown}
Comestibles
 f - a bread ration {@e1}
 j - a meat ration {@e2}


   Skills:
 + Level 3.1 Fighting
 * Level 2.1 Long Blades
 + Level 2.9 Armour
 + Level 2.8 Shields


You had one spell level left.
You didn't know any spells.

Dungeon Overview and Level Annotations

Branches:
Dungeon (1/15)

Altars:


Innate Abilities, Weirdness & Mutations

You sometimes gain a little power by taking damage.


Message History

A giant newt is nearby!
The giant newt moves out of view.
There is a large open door here.
No target in view!
No target in view!
No target in view!
The giant newt is too close now for your liking.
You block the giant newt's attack.
You closely miss the giant newt.
The giant newt bites you but does no damage.
You miss the giant newt.
The giant newt bites you but does no damage.
You closely miss the giant newt. You block the giant newt's attack.
The giant newt closely misses you.
Your shield and scale mail prevent you from hitting the giant newt.
You block the giant newt's attack.
You slash the giant newt!
You kill the giant newt!
No target in view!
You open the door.
There is an open door here.
You enter the shallow water.
Moving in this stuff is going to be slow.
h - a scroll labeled RARGHE WEHUNNYMOUZ A bat comes into view.
The bat hits you but does no damage.
A bat is nearby!
You miss the bat. The bat hits you but does no damage.
The bat closely misses you. The bat hits you but does no damage.
You closely miss the bat. The bat barely misses you.
The bat hits you but does no damage.
You hit the bat.
You kill the bat!
No target in view!
No target in view!
A goblin comes into view. It is wielding a club.
A goblin is nearby!
You closely miss the goblin. The goblin hits you but does no damage.
The goblin hits you but does no damage.
You hit the goblin.
You kill the goblin!
No target in view!
Things that are here:
a club; a goblin corpse
e - 2 scrolls labeled IWAHIORIUG (gained 1)
You see here a hunting sling.
i - a scroll labeled AZOSHA IPLUNGAST No target in view!
j - a meat ration {@e2}
k - a fuming dark potion An ooze comes into view.
The ooze quivers.
The ooze moves out of view.
The ooze is too close now for your liking.
You hit the ooze. The ooze hits you but does no damage.
You block the ooze's attack.
You hit the ooze. You block the ooze's attack.
You slash the ooze!
You kill the ooze!
Your Long Blades skill increases to level 2!
You have reached level 2!
Your demonic ancestry asserts itself...
You feel energised by your suffering.
Health restored: 24; MP restored: 2
Found a stone staircase leading down.
A rat comes into view.
The rat twitches its whiskers.
You barely miss the rat. You block the rat's attack. The rat bites you.
You take 1 damage, and have 23/24 hp.
Your shield and scale mail prevent you from hitting the rat.
You block the rat's attack.
You closely miss the rat. The rat completely misses you.
The rat barely misses you.
You hit the rat.
You kill the rat!
Health restored: 24 No target in view!
g - 3 scrolls labeled UNOURA ZAGISK (gained 2)
Found a stone staircase leading down.
A giant cockroach and a kobold come into view.
The kobold shouts!
The giant cockroach bites you but does no damage.
The kobold hits you. You block the giant cockroach's attack.
You take 3 damage, and have 21/24 hp.
You barely miss the giant cockroach. The kobold hits you.
The giant cockroach barely misses you.
You take 1 damage, and have 20/24 hp.
You hit the giant cockroach.
The giant cockroach bites you but does no damage.
The kobold hits you but does no damage. You block the giant cockroach's attack.
The kobold barely misses you.
You slash the giant cockroach!
You kill the giant cockroach!
The kobold hits you but does no damage.
You slash the kobold!
You kill the kobold!
No target in view!
You see here a short sword.
You found a teleport trap!
You regained 2 hp, and now have 22/24 hp.

.......[(..........
..# ######...###.#
..# #.......#.# ..#
# #.#[..#.#.# #
#.#(# #.##.###...
#.##.##.#.# #.#.##
##.# #......^..#
#.##.###.## #@#
#.###.#.##
#)######....)..###
#.......####......
#..###..## #..####
#..#.....###..####
#.................
#..#.#..###.######
#.......###.###


There were no monsters in sight!

Vanquished Creatures
  An ooze (D:1)
  A bat (D:1)
  A giant cockroach (D:1)
  A goblin (D:1)
  A kobold (D:1)
  A giant newt (D:1)
  A rat (D:1)
7 creatures vanquished.

Notes
Turn   | Place    | Note
--------------------------------------------------------------
     0 | D:1      | Raultor the Demonspawn Fighter began the quest for the Orb.
     0 | D:1      | Reached XP level 1. HP: 18/18 MP: 1/1
   243 | D:1      | Reached skill level 2 in Long Blades
   243 | D:1      | Gained mutation: You sometimes gain a little power by taking damage. [demonic ancestry]
   243 | D:1      | Reached XP level 2. HP: 24/24 MP: 2/2
   353 | D:1      | Quit the game

Vault maps used:
D:1:      dpeg_arrival_castle

Action                   || total
-------------------------++-------
Melee: Long sword        ||    21

Vault maps used:
D:1:      dpeg_arrival_castle

Table legend:
 A = Turns spent in this place as a percentage of turns spent in the entire game.
 B = Non-inter-level travel turns spent in this place as a percentage of non-inter-level travel turns spent in the entire game.
 C = Inter-level travel turns spent in this place as a percentage of turns spent in this place.
 D = Turns resting spent in this place as a percentage of non-inter-level travel turns spent in this place.
 E = Turns spent auto-exploring this place as a percentage of non-inter-level travel turns spent in this place.
 F = Non-inter-level travel turns spent in this place divided by the number of levels of this place that you've seen.
                   A       B       C       D       E      F
               +-------+-------+-------+-------+-------+----------------------
         Total | 100.0 | 100.0 |   0.0 |   0.0 |  29.0 |  62.0
       Dungeon | 100.0 | 100.0 |   0.0 |   0.0 |  29.0 |  62.0
               +-------+-------+-------+-------+-------+----------------------

Table legend:
 A = Kills in this place as a percentage of kills in entire the game.
 B = Kills by you in this place as a percentage of kills by you in the entire game.
 C = Kills by friends in this place as a percentage of kills by friends in the entire game.
 D = Other kills in this place as a percentage of other kills in the entire game.
 E = Experience gained in this place as a percentage of experience gained in the entire game.
 F = Experience gained in this place divided by the number of levels of this place that you have seen.
                   A       B       C       D       E      F
               +-------+-------+-------+-------+-------+----------------------
         Total | 100.0 | 100.0 |  -nan |  -nan | 100.0 |  17.0
       Dungeon | 100.0 | 100.0 |  -nan |  -nan | 100.0 |  17.0
               +-------+-------+-------+-------+-------+----------------------
